 Dungeon Crawl Stone Soup version 0.17-a0-1636-g3119f2b (webtiles) character file.

44 Freetyme the Slasher (level 3, -4/26 HPs)
             Began as a High Elf Chaos Knight on Aug 6, 2015.
             Slain by an orc
             ... wielding a +1 hand axe of venom
              (6 damage)
             ... on level 2 of the Dungeon.
             The game lasted 00:05:03 (747 turns).

Freetyme the Slasher (High Elf Chaos Knight)         Turns: 747, Time: 00:05:04

Health: -4/26      AC:  5    Str: 11    XL:     3   Next: 39%
Magic:  4/4        EV: 12    Int: 16    God:    Xom [*.....]
Gold:   63         SH:  0    Dex: 15    Spells: 0 memorised, 2 levels left

rFire  . . .     SeeInvis .     a - +0 falchion (chaos)
rCold  . . .     Clarity  .     b - +2 leather armour
rNeg   . . .     SustAt   .     (no shield)
rPois  .         Gourm    .     (no helmet)
rElec  .         Spirit   .     (no cloak)
rCorr  .         Warding  .     (no gloves)
rMut   .         Stasis   .     (no boots)
MR     .....                    (no amulet)
Stlth  +.........               (no ring)
                                (no ring)

@: lethally poisoned (-4 -> -9), not resistant to hostile enchantments, very
unstealthy
A: no striking features
a: Renounce Religion


You were on level 2 of the Dungeon.
You worshipped Xom.
You were a special plaything of Xom.
You were not hungry.

You visited 1 branch of the dungeon, and saw 3 of its levels.

You collected 63 gold pieces.

Inventory:

Hand weapons
 a - a +0 falchion of chaos (weapon)
 l - a +0 mace
Missiles
 e - 31 stones (quivered)
Armour
 b - a +2 leather armour (worn)
 d - a +0 robe
Scrolls
 g - a scroll of identify
 j - a scroll of remove curse {unknown}
Potions
 f - 3 potions of lignification
 k - 2 potions of heal wounds {unknown}
 m - a potion of flight {unknown}
Comestibles
 c - a bread ration
 h - a meat ration
 i - a royal jelly


   Skills:
 + Level 3.6 Fighting
 + Level 4.2 Long Blades
 + Level 1.1 Armour
 + Level 2.5 Dodging
 + Level 0.5 Stealth


You had 2 spell levels left.
You didn't know any spells.

Dungeon Overview and Level Annotations

Branches:
Dungeon (3/15)

Altars:
Dithmenos
Gozag


Message History

The orc is moderately wounded.
* * * LOW HITPOINT WARNING * * *
You feel sick. The orc misses you. The orc hits you but does no damage.
The orc hits you with a club.
* * * LOW HITPOINT WARNING * * *
You barely miss the orc.
The orc is moderately wounded.
The orc hits you but does no damage. The orc misses you.
The orc hits you but does no damage.
Your dagger hits the orc wizard!!
The orc wizard dies!
You have reached level 3!
Your experience leads to an increase in your attributes!
Increase (S)trength, (I)ntelligence, or (D)exterity?
You feel agile.
You feel clever.
You closely miss the orc.
The orc is moderately wounded.
* * * LOW HITPOINT WARNING * * *
You feel sick. The orc barely misses you.
The orc hits you with a hand axe of venom.
You die...

. ###.................# .
........############# #
####....# #
.###.....#################
#
..........................
#
###.##..#############.###
# #.......## #..# #
...#.##.oo# ##(# #
#.#.##.o@# ##§##
#.#.##...## ##§§§#
#####.#.......# ###§#§#§
........###.(## #..§§§§§
#######.#
#..#########.#§#§#§ #.#
#.............#.§.# # #.#
#.##############§#. . #.#
#.# #... # #.# #.# ####


You could see 3 orcs and a friendly dagger.

Vanquished Creatures
  An adder (D:2)
  A bat (D:2)
  A giant cockroach (D:2)
  2 goblins (D:2)
  A hobgoblin (D:2)
  A kobold (D:2)
  A ball python (D:2)
  2 giant newts (D:2)
  A rat (D:2)
11 creatures vanquished.

Vanquished Creatures (collateral kills)
  An orc wizard (D:2)
1 creature vanquished.

Grand Total: 12 creatures vanquished

Notes
Turn   | Place    | Note
--------------------------------------------------------------
     0 | D:1      | Freetyme the High Elf Chaos Knight began the quest for the Orb.
     0 | D:1      | Reached XP level 1. HP: 16/16 MP: 2/2
    25 | D:1      | You fall through a shaft!
    38 | D:2      | XOM: potion effect (berserk rage)
    77 | D:2      | XOM: silly message
    97 | D:2      | Reached skill level 4 in Long Blades
   160 | D:2      | Reached XP level 2. HP: 17/21 MP: 3/3
   218 | D:2      | Found an opulent altar of Gozag.
   437 | D:2      | Reached skill level 1 in Armour
   462 | D:2      | XOM: harmless Air miscast
   521 | D:2      | Found a shadowy altar of Dithmenos.
   522 | D:2      | XOM is BORED!
   522 | D:2      | XOM: medium Ice miscast
   746 | D:2      | Reached XP level 3. HP: 3/26 MP: 4/4
   747 | D:2      | Slain by an orc

Vault maps used:
D:1:      minmay_arrival_hallway
D:2:      grunt_dithmenos_smoke_and_mirrors, lemuel_round_altar, first_bread,
          minivault_11
D:3:      tso_oasis_becter

Action                   || total
-------------------------++-------
Melee: Falchion          ||    31
  Use: Scroll            ||     1
